 Dungeon Crawl Stone Soup version 0.31.0-32-g396128a36d (webtiles) character file.

Game seed: 14159779597252683700

130254 PaiMei the Lord of Darkness (level 16, -1/127 HPs)
             Began as a Demonspawn Necromancer on Apr 16, 2024.
             Was the Champion of Kikubaaqudgha.
             Killed by angry trees
             ... awakened by a spriggan druid
              (10 damage)
             ... on level 4 of the Swamp.
             The game lasted 01:30:17 (51324 turns).

PaiMei the Lord of Darkness (DsNe)                 Turns: 51324, Time: 01:30:18

Health: -1/127     AC: 14    Str:  5    XL:     16   Next: 52%
Magic:  0/43       EV: 22    Int: 30    God:    Kikubaaqudgha [******]
Gold:   2204       SH:  0    Dex: 15    Spells: 17/43 levels left

rFire   + . .        O - +2 lajatang (speed)
rCold   + . .        (shield currently unavailable)
rNeg    . . .        M - +1 leather armour of Inaction {rElec MP+9 Str-4 Int+8}
rPois   +            f - +2 hat {Will+}
rElec   +            Z - scarf {rC+ rF+}
rCorr   .            c - +2 pair of gloves
SInv    .            r - +0 pair of boots
Will    ++...        S - amulet of magic regeneration
Stlth   +            F - +5 ring of evasion
HPRegen 0.41/turn    k - ring of poison resistance
MPRegen 0.96/turn

%: guardian spirit
@: very slow
A: claws 1, yellow scales 2, demonic guardian 2, magic shield, magic
regeneration, magic link
a: Renounce Religion, Unearth Wretches, Torment, Brand Weapon With Pain, Receive
Forbidden Knowledge


You were on level 4 of the Swamp.
You worshipped Kikubaaqudgha.
Kikubaaqudgha was exalted by your worship.
You visited 5 branches of the dungeon, and saw 27 of its levels.
You also visited: Bailey.

You collected 2412 gold pieces.
You spent 208 gold pieces at shops.

Inventory:

Hand Weapons
 L - a +4 scimitar of flaming
 O - a +2 lajatang of speed (weapon)
Missiles
 y - 3 curare-tipped darts
 P - 3 darts of dispersal (quivered)
Armour
 c - a +2 pair of gloves (worn)
 f - a +2 hat of willpower (worn)
 r - a +0 pair of boots (worn)
 M - the +1 leather armour of Inaction (worn) {rElec MP+9 Str-4 Int+8}
   (You found it on level 6 of the Dungeon)

   Str-4:     It affects your strength (-4).
   Int+8:     It affects your intelligence (+8).
   rElec:     It insulates you from electricity.
   MP+9:      It affects your magic capacity (+9).
 Z - a scarf of resistance (worn)
Jewellery
 k - a ring of poison resistance (right hand)
 F - a +5 ring of evasion (left hand)
 S - an amulet of magic regeneration (around neck)
 T - an amulet of regeneration
 V - a ring of willpower
 W - a ring of wizardry
 Y - a ring of magical power
Wands
 a - a wand of mindburst (16)
 q - a wand of polymorph (17)
 u - a wand of flame (64)
 w - a wand of roots (15)
 J - a wand of digging (9)
 Q - a wand of quicksilver (12)
 R - a wand of paralysis (16)
Scrolls
 d - a scroll of vulnerability
 e - 6 scrolls of enchant armour
 h - 4 scrolls of identify
 l - 7 scrolls of teleportation
 o - 6 scrolls of poison
 p - 2 scrolls of immolation
 A - a scroll of amnesia
 B - 2 scrolls of silence
 C - 7 scrolls of fog
 E - 2 scrolls of torment
 G - 3 scrolls of revelation
 I - 2 scrolls of brand weapon
 N - 3 scrolls of butterflies
 X - 2 scrolls of enchant weapon
Potions
 b - 2 potions of magic
 j - 2 potions of resistance
 m - 3 potions of enlightenment
 s - 2 potions of might
 t - 7 potions of curing
 v - 6 potions of attraction
 x - 3 potions of haste
 z - 2 potions of cancellation
 D - a potion of invisibility
 H - a potion of ambrosia {unknown}
 K - 4 potions of brilliance
 U - a potion of lignification


   Skills:
 - Level 12.1 Fighting
 + Level 5.7 Armour
 - Level 13.1 Dodging
 - Level 2.0 Stealth
 + Level 14.3 Spellcasting
 + Level 17.1 Necromancy
 - Level 7.1 Earth Magic
 + Level 5.6 Evocations


You had 17 spell levels left.
You knew the following spells:

 Your Spells              Type           Power      Damage    Failure   Level
a - Necrotise             Necr           100%       1d9       0%          1
b - Vampiric Draining     Necr           90%        2d12      0%          3
c - Animate Dead          Necr           90%        N/A       1%          4
d - Curse of Agony        Necr           90%        N/A       1%          5
e - Dispel Undead         Necr           90%        3d29      1%          4
f - Borgnjor's Vile Clut  Necr/Erth      38%        N/A       1%          5
g - Anguish               Hex/Necr       32%        N/A       1%          4

Your spell library contained the following spells:

 Spells                   Type           Power      Damage    Failure   Level
 Cigotuvi's Dreadful Rot  Necr/Alch/Air  100%       N/A       1%          2
 Martyr's Knell           Necr/Summ      64%        N/A       1%          4
 Stone Arrow              Conj/Erth      84%        3d12      2%          3
 Foxfire                  Conj/Fire      84%        2x1d8     3%          1
 Magic Dart               Conj           84%        1d7       3%          1
 Shock                    Conj/Air       84%        1d8       3%          1
 Summon Small Mammal      Summ           84%        N/A       3%          1
 Blink                    Tloc           42%        N/A       5%          2
 Lesser Beckoning         Tloc           42%        N/A       5%          2
 Momentum Strike          Conj/Tloc      42%        3d9       5%          2
 Searing Ray              Conj           42%        2d6       5%          2
 Lee's Rapid Deconstruct  Erth           29%        3d15*     5%          5
 Animate Armour           Summ/Erth      84%        N/A       9%          4
 Leda's Liquefaction      Alch/Erth      21%        N/A       9%          4
 Petrify                  Alch/Erth      42%        N/A       9%          4
 Call Canine Familiar     Summ           21%        N/A       11%         3
 Frozen Ramparts          Ice            42%        1d7       11%         3
 Swiftness                Air            21%        N/A       11%         3
 Tukima's Dance           Hex            21%        N/A       11%         3
 Airstrike                Air            10%        2d(2-18)  34%         4
 Cause Fear               Hex            10%        N/A       34%         4
 Fulminant Prism          Conj/Alch      10%        3d8       34%         4
 Passage of Golubria      Tloc           21%        N/A       34%         4
 Summon Blazeheart Golem  Fire/Summ      21%        N/A       34%         4
 Summon Lightning Spire   Summ/Air       21%        N/A       34%         4
 Fireball                 Conj/Fire      10%        3d6       69%         5
 Metabolic Englaciation   Hex/Ice        10%        N/A       69%         5
 Silence                  Hex/Air        10%        N/A       69%         5
 Yara's Violent Unravell  Hex/Alch       10%        3d6       69%         5
 Plasma Beam              Fire/Air       10%        2x1d21    99%         6
 Starburst                Conj/Fire      10%        6d5       99%         6
 Lehudib's Crystal Spear  Conj/Erth      21%        10d6      100%        8
 Dragon's Call            Summ           10%        N/A       100%        9


Dungeon Overview and Level Annotations

Branches:
Dungeon (15/15)            Temple (1/1) D:7            Lair (5/5) D:9
  Swamp (4/4) Lair:3       Spider (0/4) Lair:3        Slime (0/5) Lair:5
    Orc (2/2) D:10            Elf (0/3) Orc:2        Vaults (0/5) D:13
 Depths (0/4) D:15         Bailey (visited)

Altars:
Ashenzari
Cheibriados
Dithmenos
Fedhas
Gozag
Hepliaklqana
Kikubaaqudgha
Makhleb
Nemelex Xobeh
Okawaru
Qazlal
Ru
Sif Muna
Trog
Uskayaw
Vehumet
Wu Jian
Xom
Yredelemnul
Jiyva

Shops:
D:7 [   D:11 ?   D:13 ?   D:14 *   Orc:2 =:!

Annotations:
D:4 Grinder, Menkaure
D:8 3 runed translucent doors, middlethird's ghost, novice VSIE
Swamp:3 Nikola


Innate Abilities, Weirdness & Mutations

You have sharp fingernails.
You are mostly covered in yellow scales. (AC +3)
A demonic guardian rushes to your aid.
When hurt, damage is shared between your health and your magic reserves.
You regenerate magic rapidly.
When low on magic, you restore magic in place of health.


Message History

The freezing wraith barely misses you.
The spriggan druid hits your hellwing but does no damage.
Unknown command.
Unknown command.
Unknown command.
Unknown command.
Unknown command.
Unknown command.
Unknown command.
Unknown command.
Unknown command.
Okay, then.
Okay, then.
Unknown command.
Unknown command.
Unknown command.
Okay, then.
Okay, then.
Blink to where?
Press: ? - help, Dir - move target Splash!
You fall into the shallow water.
Moving in this stuff is going to be slow.
As you read the scroll of blinking, it crumbles to dust.
Trunks creak and shift.
Your hellwing is hit by a branch!
A root smacks you from below!
* * * LOW HITPOINT WARNING * * *
A spriggan druid comes into view. It is wielding a +0 quarterstaff.
The freezing wraith hits your hellwing but does no damage. x2
Your hellwing swoops through the air toward the eight-headed hydra!
Something hits the eight-headed hydra!
Something barely misses the eight-headed hydra.
As you read the scroll of fear, it crumbles to dust.
You assume a fearsome visage.
The spriggan druid looks frightened!
The spriggan druid easily resists.
The thorn hunter is unaffected.
The freezing wraith is unaffected.
The eight-headed hydra looks frightened!
You are hit by a branch!
You die...
Kikubaaqudgha rasps: "You have failed me!
Welcome... death!"

♣...♣.~~.~~... .#
♣♣....§~.~...♣♣ .#
♣....§~§~.♣~~♣♣♣♣♣.#
♣♣.~~~~~~~~♣~~~♣~..#
♣♣.~~§§~~.♣~~~~§~~#
♣♣.~~~§.~~~~~~~~~#
♣~.~~~..~~.~§~~~#
♣♣..~.♣§..♣...~~#
♣♣♣♣♣♣♣~@♣♣♣.~~♣#
♣.i.♣♣~~~.♣##
♣♣♣♣f)♣♣~.....##
♣....~~@.Z.♣§..##
♣~§W♣~i~..~♣§♣☼k#♣
♣♣D♣♣~...♣♣~~♣♣.D##
♣~♣♣♣♣♣♣♣♣~♣♣~♣$W~##
♣~♣ .♣♣.♣♣(~♣.# ♣♣
.§~~...~.D.#


You could see a thorn hunter, an eight-headed hydra (fleeing), 2 spriggan druids
and a freezing wraith.

Vanquished Creatures
  A thorn hunter (Swamp:3)
  A fenstrider witch (Swamp:2)
  A ghoul (Swamp:4)
  4 eleionomae
  A bunyip (Swamp:1)
  2 dire elephants
  Snorg (Orc:2)
  2 ghost crabs (Swamp:1)
  5 hydras
  An ice dragon (Lair:4)
  3 centaur warriors
  4 ogre magi
  2 alligators (Swamp:1)
  2 catoblepae
  18 two-headed ogres
  2 boulder beetles
  15 death yaks
  An orc high priest (D:10)
  Nergalle (D:10)
  9 skeletal warriors
  2 spriggan druids
  Pikel (D:5)
  A bog body (Swamp:1)
  9 swamp dragons
  2 spectral hydras (Swamp:4)
  4 deep elf pyromancers
  A necromancer (Lair:4)
  A deep elf zephyrmancer (D:13)
  6 orc sorcerers (Orc:2)
  4 cyclopes
  Maurice (D:9)
  8 ugly things
  2 black mambas (Lair:2)
  An elephant (Lair:5)
  A centaur zombie (D:10)
  4 kobold blastminers
  A torpor snail (Lair:5)
  Maggie (D:6)
  7 cane toads
  An unseen horror (D:12)
  9 komodo dragons
  A rime drake (Lair:5)
  2 efreet
  3 freezing wraiths
  A bloated husk (Swamp:1)
  8 trolls
  5 polar bears
  5 tyrant leeches
  4 hornets (Swamp:4)
  3 blink frogs (Lair:3)
  3 dream sheep (Lair:4)
  12 slime creatures
  3 spriggans (Swamp:4)
  A shadow (D:12)
  4 wyverns
  A vampire (D:12)
  A wraith (D:13)
  A yak (shapeshifter) (D:15)
  2 humans (Bailey)
  49 yaks
  6 wargs
  2 redbacks (Lair:3)
  8 vampire mosquitoes
  3 basilisks
  12 swamp worms
  4 acid dragons
  7 water moccasins
  2 swamp drakes (Swamp:4)
  An ice beast (D:6)
  10 orc warriors
  2 sky beasts
  A black bear (Lair:5)
  11 ogres
  3 boggarts (D:14)
  14 wolves
  6 centaurs
  4 kobold brigands
  12 bullfrogs
  5 scorpions
  A gnoll sergeant (D:9)
  4 howler monkeys
  3 electric eels
  2 bombardier beetles (D:5)
  2 jellies (D:7)
  11 orc priests
  A hound (D:4)
  3 iguanas
  Crazy Yiuf (D:6)
  20 orc wizards
  A sleepcap (D:5)
  Natasha (twice) (D:4)
  A hell rat (Lair:2)
  4 polar bear simulacra (Lair:4)
  4 wolf simulacra (Lair:4)
  5 adders
  7 gnolls
  2 river rats
  A swamp drake skeleton (Swamp:4)
  A white imp (D:5)
  6 ufetubi
  A dart slug (D:1)
  86 orcs
  6 ball pythons
  10 endoplasms
  4 giant cockroaches
  13 goblins
  12 hobgoblins
  13 jackals
  17 kobolds
  5 quokkas
  4 bats
  4 frilled lizards
  5 rats
  2 river rat simulacra (Lair:4)
629 creatures vanquished.

Vanquished Creatures (collateral kills)
  Jorgrun (Orc:2)
  Gastronok (Lair:3)
  A ghoul (Swamp:4)
  4 hydras
  A centaur warrior (D:15)
  2 boulder beetles
  A two-headed ogre (Orc:2)
  A deep troll shaman (Lair:5)
  3 death yaks
  A spriggan berserker (Swamp:3)
  2 spriggans (Swamp:4)
  A skyshark (Lair:2)
  A salamander mystic (D:15)
  A goliath frog (Swamp:2)
  An arcanist (D:13)
  2 wolf spiders
  2 ugly things
  2 elephants (Lair:5)
  An orc sorcerer (Orc:2)
  2 manticores
  A centaur zombie (D:10)
  4 cane toads
  A gargoyle (D:14)
  A rime drake (Lair:4)
  A torpor snail (Lair:4)
  3 komodo dragons
  An unseen horror (D:11)
  A troll (D:12)
  A tyrant leech (Swamp:3)
  A hornet (Swamp:4)
  A polar bear (Lair:2)
  3 slime creatures
  A wraith (D:8)
  4 basilisks
  25 yaks
  A warg (Orc:2)
  3 vampire mosquitoes (D:12)
  4 swamp worms
  An acid dragon (D:11)
  3 water moccasins
  A two-headed ogre zombie (Orc:2)
  A swamp drake (Swamp:4)
  An orc warrior (Orc:2)
  2 ogres (Orc:2)
  A centaur (D:8)
  5 wolves (Lair:2)
  A swamp dragon skeleton (Swamp:4)
  2 bullfrogs
  A gnoll sergeant (D:11)
  2 electric eels
  An orc priest (Orc:2)
  An iguana (Lair:3)
  2 orc wizards (Orc:2)
  3 hell rats (Lair:2)
  2 gnolls (D:11)
  A dart slug (D:1)
  11 orcs
  3 goblins
  A jackal (D:1)
  A kobold (D:1)
  A rat (D:3)
  A river rat simulacrum (Lair:4)
137 creatures vanquished.

Vanquished Creatures (others)
  A hydra (Swamp:4)
  An alligator (Swamp:1)
  A wolf spider zombie (Lair:2)
  A swamp worm zombie (Swamp:4)
  A freezing wraith (Swamp:4)
  A hydra zombie (Swamp:4)
  2 bloated husks
  A tyrant leech (Swamp:1)
  A tyrant leech zombie (Swamp:3)
  A hydra simulacrum (Swamp:4)
  8 two-headed ogre zombies
  2 cane toad zombies
  3 elephant zombies (Lair:5)
  A swamp drake (Swamp:4)
  An elf zombie (D:14)
  A swamp dragon zombie (Swamp:4)
  2 komodo dragon zombies
  2 wyvern zombies
  A water moccasin zombie (Lair:2)
  9 yak zombies
  2 polar bear zombies
  4 wolf zombies
  A black bear zombie (Lair:5)
  2 human zombies (Bailey)
  A boggart zombie (D:14)
  3 ogre zombies
  2 swamp drake zombies (Swamp:4)
  A river rat zombie (Lair:4)
  9 orc zombies
66 creatures vanquished.

Grand Total: 832 creatures vanquished

Notes
Turn   | Place    | Note
-------+----------+-------------------------------------------
     0 | D:1      | PaiMei the Demonspawn Necromancer began the quest for the
                  | Orb.
     0 | D:1      | Reached XP level 1. HP: 13/13 MP: 3/3
   160 | D:1      | Gained mutation: You regenerate magic rapidly. [demonic
                  | ancestry]
   160 | D:1      | Reached XP level 2. HP: 11/19 MP: 0/5
   569 | D:1      | Gained mutation: When hurt, damage is shared between your
                  | health and your magic reserves. [demonic ancestry]
   569 | D:1      | Reached XP level 3. HP: 25/25 MP: 1/6
  1074 | D:2      | Reached skill level 1 in Fighting
  1687 | D:2      | Gained mutation: You are partially covered in yellow
                  | scales. (AC +2) [demonic ancestry]
  1687 | D:2      | Reached XP level 4. HP: 32/32 MP: 0/8
  1927 | D:2      | Learned a level 3 spell: Vampiric Draining
  2189 | D:2      | Reached skill level 5 in Necromancy
  3072 | D:3      | Reached XP level 5. HP: 38/38 MP: 5/9
  3159 | D:3      | Found a faded altar of an unknown god.
  3342 | D:4      | Found a stormy altar of Qazlal.
  3635 | D:4      | Noticed a sky beast
  3647 | D:4      | Killed a sky beast
  3648 | D:4      | Reached XP level 6. HP: 43/46 MP: 0/11
  3927 | D:4      | Noticed Natasha
  3928 | D:4      | Noticed Grinder
  3931 | D:4      | Noticed Menkaure
  4147 | D:4      | Killed Natasha
  4309 | D:4      | Noticed Natasha
  4315 | D:4      | Killed Natasha
  4405 | D:5      | Entered Level 5 of the Dungeon
  4405 | D:5      | Noticed an acid dragon
  4469 | D:5      | Reached XP level 7. HP: 52/52 MP: 2/12
  4575 | D:5      | Reached skill level 6 in Necromancy
  4995 | D:5      | Found a shimmering altar of Xom.
  4995 | D:5      | Found a broken altar of Ashenzari.
  4995 | D:5      | Found a shimmering blue altar of Sif Muna.
  4995 | D:5      | Found a hide-covered altar of Uskayaw.
  4995 | D:5      | Found a radiant altar of Vehumet.
  4995 | D:5      | Found a broken altar of Ashenzari.
  4995 | D:5      | Noticed a slime creature
  4995 | D:5      | Noticed a slime creature
  4995 | D:5      | Noticed a slime creature
  5251 | D:5      | Noticed Pikel
  5304 | D:5      | Reached XP level 8. HP: 60/60 MP: 6/14
  5330 | D:5      | Found a shimmering altar of Xom.
  5480 | D:5      | Killed Pikel
  5481 | D:5      | Reached skill level 5 in Fighting
  5481 | D:5      | Reached skill level 5 in Dodging
  5481 | D:5      | Reached skill level 5 in Spellcasting
  5481 | D:5      | Reached skill level 7 in Necromancy
  6449 | D:6      | Identified the +1 leather armour of Inaction {rElec MP+9
                  | Str-4 Int+8}
  6735 | D:6      | Found an ornate altar of the Wu Jian Council.
  6866 | D:6      | Found a runed translucent door.
  6867 | D:6      | Noticed Crazy Yiuf
  6959 | D:6      | Noticed Maggie
  6973 | D:6      | Killed Maggie
  6974 | D:6      | Reached XP level 9. HP: 52/69 MP: 1/17
  7053 | D:6      | Reached skill level 8 in Necromancy
  7414 | D:6      | Killed Crazy Yiuf
  7530 | D:6      | Learned a level 4 spell: Animate Dead
  7536 | D:6      | Learned a level 5 spell: Curse of Agony
  7591 | D:7      | Found a staircase to the Ecumenical Temple.
  7600 | Temple   | Entered the Ecumenical Temple
  7613 | Temple   | Became a worshipper of Kikubaaqudgha
  7631 | D:7      | Found a shimmering blue altar of Sif Muna.
  7998 | D:7      | Found a shadowy altar of Dithmenos.
  8105 | D:7      | Found Yraid's Armour Shop.
  8138 | D:7      | Found a flagged portal.
  8142 | D:7      | Reached * piety under Kikubaaqudgha
  8142 | D:7      | Received a gift from Kikubaaqudgha
  8152 | Bailey   | Entered a bailey
  8542 | Bailey   | HP: 2/71 [hobgoblin/+0 hand axe (3)]
  9310 | D:7      | Reached skill level 9 in Necromancy
  9982 | D:8      | Gained mutation: When low on magic, you restore magic in
                  | place of health. [demonic ancestry]
  9982 | D:8      | Reached XP level 10. HP: 79/79 MP: 20/20
 10892 | D:8      | Found a runed translucent gate.
 10892 | D:8      | Found a runed translucent gate.
 10892 | D:8      | Found a runed translucent gate.
 10892 | D:8      | Noticed an 11-headed hydra
 10893 | D:8      | Noticed middlethird's ghost (novice VSIE)
 11463 | D:9      | Noticed a two-headed ogre
 11472 | D:9      | Killed a two-headed ogre
 11540 | D:9      | Found a staircase to the Lair.
 11547 | D:9      | Noticed a death yak
 11548 | D:9      | Noticed a death yak
 11556 | D:9      | Noticed a death yak
 11559 | D:9      | Killed a death yak
 11560 | D:9      | Reached skill level 10 in Necromancy
 11568 | D:9      | HP: 4/80 [death yak (14)]
 12625 | D:9      | Noticed Maurice
 12627 | D:9      | Maurice stole a ring of protection from cold
 12628 | D:9      | Maurice stole a +1 heavy hand axe
 12631 | D:9      | Maurice stole 24 poisoned darts
 12633 | D:9      | Maurice stole 512 gold
 12634 | D:9      | Killed Maurice
 12719 | D:9      | Reached ** piety under Kikubaaqudgha
 13322 | D:10     | Entered Level 10 of the Dungeon
 13376 | D:10     | Reached XP level 11. HP: 65/87 MP: 23/23
 13549 | D:10     | Noticed Nergalle
 13567 | D:10     | Killed Nergalle
 13687 | D:10     | Found the +5 woodcutter's axe
 13969 | D:10     | Found a staircase to the Orcish Mines.
 14004 | D:10     | Noticed a two-headed ogre
 14016 | D:10     | Killed a two-headed ogre
 14293 | D:10     | Found a sparkling altar of Nemelex Xobeh.
 14293 | D:10     | Found an opulent altar of Gozag.
 14456 | D:10     | Found a basalt altar of Yredelemnul.
 14804 | Orc:1    | Entered Level 1 of the Orcish Mines
 15089 | D:11     | Reached skill level 11 in Necromancy
 15222 | D:11     | Found Kifoypha's Magic Scroll Emporium.
 15435 | D:11     | Found a shadowy altar of Dithmenos.
 15435 | D:11     | Noticed a skeletal warrior
 15472 | D:11     | Noticed a skeletal warrior
 15473 | D:11     | Noticed a skeletal warrior
 15478 | D:11     | Noticed a skeletal warrior
 15663 | Lair:1   | Entered Level 1 of the Lair of Beasts
 16370 | Lair:1   | Reached *** piety under Kikubaaqudgha
 16370 | Lair:1   | Received a gift from Kikubaaqudgha
 16850 | Lair:1   | Learned a level 4 spell: Dispel Undead
 16856 | Lair:1   | Learned a level 5 spell: Borgnjor's Vile Clutch
 16861 | Lair:1   | Learned a level 4 spell: Anguish
 16966 | Lair:2   | Gained mutation: A weak demonic guardian rushes to your
                  | aid. [demonic ancestry]
 16966 | Lair:2   | Reached XP level 12. HP: 91/97 MP: 25/25
 17397 | Lair:2   | Reached skill level 10 in Fighting
 17685 | Lair:2   | Reached skill level 12 in Necromancy
 17698 | Lair:2   | Found a stormy altar of Qazlal.
 18044 | Lair:2   | Noticed a boulder beetle
 18066 | Lair:2   | Reached skill level 10 in Spellcasting
 18068 | Lair:2   | Killed a boulder beetle
 18068 | Lair:2   | Reached **** piety under Kikubaaqudgha
 18069 | Lair:2   | Reached skill level 10 in Dodging
 18766 | Lair:3   | Noticed Gastronok
 19247 | Lair:3   | Found a hole to the Spider Nest.
 19390 | Lair:3   | Noticed a four-headed hydra
 19396 | Lair:3   | Killed a five-headed hydra
 19485 | Lair:3   | Noticed a death yak
 19856 | Lair:3   | Noticed a death yak
 19875 | Lair:2   | Killed a death yak
 20622 | Lair:3   | Reached skill level 13 in Necromancy
 20622 | Lair:3   | Gained mutation: You are mostly covered in yellow scales.
                  | (AC +3) [demonic ancestry]
 20622 | Lair:3   | Reached XP level 13. HP: 106/106 MP: 23/27
 20781 | Lair:3   | Killed Gastronok
 21192 | Lair:3   | Found a staircase to the Swamp.
 21474 | Lair:4   | Reached ***** piety under Kikubaaqudgha
 23144 | Lair:5   | Entered Level 5 of the Lair of Beasts
 25124 | Lair:5   | Reached skill level 14 in Necromancy
 25219 | Lair:5   | Reached skill level 1 in Earth Magic
 26385 | Lair:5   | Found a staircase to the Slime Pits.
 26385 | Lair:5   | Found a viscous altar of Jiyva.
 26588 | Lair:5   | Gained mutation: A demonic guardian rushes to your aid.
                  | [demonic ancestry]
 26588 | Lair:5   | Reached XP level 14. HP: 87/115 MP: 22/29
 31047 | D:12     | Reached ****** piety under Kikubaaqudgha
 31223 | D:12     | Found an iron altar of Okawaru.
 31582 | D:13     | Reached skill level 15 in Necromancy
 31929 | D:13     | Found a radiant altar of Vehumet.
 32157 | D:13     | Found Wiwelagg's Magic Scroll Shop.
 32160 | D:13     | Bought a scroll of fog for 40 gold pieces
 32160 | D:13     | Bought a scroll of identify for 20 gold pieces
 32160 | D:13     | Bought a scroll of identify for 20 gold pieces
 32160 | D:13     | Bought a scroll of identify for 20 gold pieces
 32451 | D:13     | Found a gate to the Vaults.
 32531 | D:13     | Reached skill level 5 in Earth Magic
 33608 | D:14     | Found Joddeama's Assorted Antiques.
 33616 | D:14     | Bought a scroll of fear for 108 gold pieces
 34467 | D:14     | Reached XP level 15. HP: 44/120 MP: 12/31
 35156 | D:15     | Entered Level 15 of the Dungeon
 36549 | D:15     | Found a staircase to the Depths.
 38693 | Orc:1    | Reached skill level 1 in Armour
 39235 | Orc:2    | Entered Level 2 of the Orcish Mines
 39478 | Orc:2    | Noticed Jorgrun
 39505 | Orc:2    | Killed Jorgrun
 40110 | Orc:2    | Reached skill level 16 in Necromancy
 41455 | Orc:2    | Noticed Snorg
 41495 | Orc:2    | Found Quepn's Distillery.
 41509 | Orc:2    | Reached skill level 1 in Evocations
 41899 | Orc:2    | Found Hesajebo's Book Shop.
 42351 | Orc:2    | Found Plog's Jewellery Shop.
 42472 | Orc:2    | Found a staircase to the Elven Halls.
 42840 | Orc:2    | Killed Snorg
 43572 | Swamp:1  | Entered Level 1 of the Swamp
 45071 | Swamp:1  | Gained mutation: You have sharp fingernails. [demonic
                  | ancestry]
 45071 | Swamp:1  | Reached XP level 16. HP: 99/127 MP: 27/33
 45749 | Swamp:2  | Paralysed by a fenstrider witch for 5 turns
 47319 | Swamp:3  | Identified the +1 helmet of Skepticism {rElec rF+++ Int-2
                  | Slay-3}
 47563 | Swamp:4  | Entered Level 4 of the Swamp
 47565 | Swamp:4  | Noticed Nikola
 47959 | Swamp:4  | Reached skill level 5 in Armour
 49460 | Swamp:4  | Reached skill level 5 in Evocations
 49789 | Swamp:3  | Reached skill level 17 in Necromancy
 51290 | Swamp:4  | Noticed a thorn hunter
 51311 | Swamp:3  | Killed a thorn hunter
 51321 | Swamp:4  | Noticed a thorn hunter
 51324 | Swamp:4  | Killed from afar by a spriggan druid

Illustrated notes

Levels and vault maps discovered:
D:1:      mainiacjoe_arrival_oval_in_oval, layout_basic
D:2:      layout_basic
D:3:      kennysheep_the_goblin_king, layout_rooms, ebering_ecumenical_altar_box
D:4:      minmay_clustersquares, layout_basic, lemuel_tele_altar,
          nicolae_qazlal_beasts_of_the_sky, uniq_natasha, uniq_menkaure,
          uniq_duvessa, uniq_grinder
D:5:      cheibrodos_fertilizer, layout_basic, mainiacjoe_overflow_24_doors,
          sigmund_army, uniq_pikel
D:6:      layout_loops_corners, mainiacjoe_overflow_six_doors_small,
          minivault_23, uniq_maggie, uniq_crazy_yiuf_cottage
D:7:      layout_basic, lemuel_crystal_altar, mainiacjoe_overflow_catwalk,
          minmay_temple_entry_sparse_star, serial_shops, shop_fountains,
          enter_bailey_7
D:8:      layout_loops_ring, gammafunk_ghost_hydra_chop
D:9:      layout_stronghold, dpeg_lair_monsters, uniq_maurice
D:10:     layout_basic, lemuel_zombie_altar_yredelemnul,
          grunt_temple_overflow_opulence, orc_0_dummy, uniq_nergalle
D:11:     layout_stronghold, serial_shops, nicolae_shop_back_alley_shop,
          nicolae_dithmenos_shadow_blocks
D:12:     layout_rooms, serial_bayou, serial_bayou_pond_c, serial_bayou_pond_a,
          serial_bayou_pond_a, serial_bayou_crossing, okawaru_metal_pillars_3
D:13:     layout_basic, david_vaults_1, serial_shops, nicolae_shop_rolled_up,
          nicolae_vehumet_altar_sigil
D:14:     layout_gridville, serial_shops, shop, chequers_serial_rivers_micro_d,
          item_on_display_a
D:15:     hangedman_depths_entry_try_elsewhere_first, layout_loops_ring,
          lemuel_crystal_altar, abandoned_shop, lemuel_old_faithful
Temple:   dshaligram_water_room_temple
Lair:1:   layout_layer_cave
Lair:2:   layout_roguey, basic_altar, nicolae_lair_run_with_the_wolves,
          grunt_megastairs_3, serial_bayou_shore_a, infiniplex_staircase_pool_2
Lair:3:   layout_hall_layers, palyth_hydra_swamp_entry, spider_nest_entry_a,
          kennysheep_basilisk_garden, uniq_gastronok
Lair:4:   layout_hall_layers, portal_ice_cave_entry_animals_and_master,
          serial_rivers, chequers_serial_rivers_micro_e,
          chequers_serial_rivers_large_b, chequers_serial_rivers_small_b,
          chequers_serial_rivers_marsh, chequers_serial_rivers_marsh,
          eino_house_with_fridge
Lair:5:   grunt_lair_end_beastmaster, layout_gridlike, slime_entry_1
Swamp:1:  layout_falls_marsh, nicolae_swamp_fairy_circle,
          infiniplex_staircase_pool
Swamp:2:  layout_falls_marsh, evilmike_swamp_ruin_house_2
Swamp:3:  layout_falls_marsh, serial_swamp_ruin, evilmike_swamp_ruin_house_1,
          evilmike_swamp_ruin_rubble_1, hangedman_swamp_ruin_hall,
          nicolae_swamp_tree_isthmus
Swamp:4:  byrel_swamp_growth_death_and_undeath, layout_basic_swamp, uniq_nikola
Orc:1:    layout_caves, nicolae_orc_hostile_takeover
Orc:2:    st_orc_town, layout_caves, mines4_lemuel, uniq_snorg, uniq_jorgrun

Skill      XL: |  1  2  3  4  5  6  7  8  9 10 11 12 13 14 15 16 |
---------------+-------------------------------------------------+-----
Dodging        | 2 3 4 5 6 8 9 10 11 12 13 | 13.1
Stealth        | 2 |  2.0
Fighting       | 1 2 3 4 5 7 8 9 11 12 | 12.1
Necromancy     | 5 6 7 9 10 11 13 14 15 16 17 | 17.1
Spellcasting   | 3 4 5 6 8 9 10 11 12 13 14 | 14.3
Earth Magic    | 2 5 7 |  7.1
Armour         | 4 5 |  5.7
Evocations     | 3 5 |  5.6

Action                     |  1- 3 |  4- 6 |  7- 9 | 10-12 | 13-15 | 16-18 || total
---------------------------+-------+-------+-------+-------+-------+-------++-------
  Melee: Unarmed           |    11 |       |       |       |       |       ||    11
         Dagger            |    37 |     8 |   148 |    35 |       |       ||   228
         Falchion          |       |     7 |       |       |       |       ||     7
         Hand axe          |       |    24 |    18 |       |       |       ||    42
         Punch             |       |     1 |     2 |     1 |       |       ||     4
         Whip              |       |       |     9 |       |       |       ||     9
         Lajatang          |       |       |       |   273 |   810 |   104 ||  1187
  Throw: Dart              |       |       |       |       |     1 |       ||     1
   Cast: Necrotise         |    73 |    80 |    88 |    56 |    70 |       ||   367
         Vampiric Draining |       |    13 |    82 |   237 |   284 |    28 ||   644
         Animate Dead      |       |       |     2 |    10 |    15 |     9 ||    36
         Curse of Agony    |       |       |       |    18 |   115 |    22 ||   155
         Dispel Undead     |       |       |       |       |    44 |    18 ||    62
         Borgnjor's Vile C |       |       |       |       |   116 |    61 ||   177
         Anguish           |       |       |       |       |       |     1 ||     1
    Use: Scroll            |       |       |       |    13 |    24 |     6 ||    43
         Potion            |       |       |       |       |       |     2 ||     2
   Stab: Sleeping          |       |       |     1 |     2 |       |       ||     3
         Distracted        |       |       |       |     2 |     5 |       ||     7
         Petrified         |       |       |       |       |     6 |       ||     6
 Armour: Robe              |    61 |    87 |    94 |       |       |       ||   242
         Leather armour    |       |       |   119 |   409 |   979 |   269 ||  1776
  Dodge: Dodged            |    87 |    80 |   292 |   631 |  1517 |   379 ||  2986
